Map: Imperio eterno EE

Players

MrFercho

  • Race: Zerg Zerg
  • League: Silver
  • Spawn Location: 1:00

mario - Winner!

  • Race: Zerg Zerg
  • League: Silver
  • Spawn Location: 7:00

VOD

Have the link to the VOD?

Description

Time

  • Played on: July 5, 2020, 8:34 p.m.
  • Length: 4:11
Show
View Real Time Build Order
Export as new Build Order

MrFercho Zerg 

Build Orders: Hatch First 

Get SALT Encoding   

  12  0:01  Drone  
  13  0:15  Overlord  
  13  0:18  Drone  
  14  0:33  Drone x2  
  16  0:55  Hatchery  
  15  1:01  Drone  
  16  1:11  Drone  
  16  1:12  Spawning Pool  
  16  1:15  Drone  
  17  1:19  Drone  
  17  1:22  Drone  
  19  1:33  Extractor  
  19  1:38  Overlord  
  18  1:46  Drone  
  19  1:55  Drone  
  20  2:07  Drone  
  21  2:09  Queen x2  
  21  2:10  Overlord  
  24  2:28  Spine Crawler  
  23  2:30  Spine Crawler  
  11  2:55  Drone  
  11  2:56  Drone x3  
  15  3:04  Drone  
  16  3:14  Drone  
  17  3:33  Spine Crawler  
  16  3:37  Drone  
  17  3:41  Drone  
  18  3:49  Zergling x2  
  18  3:53  Drone  
Show
View Real Time Build Order
Export as new Build Order

mario Zerg - Winner!

Build Orders: Pool First 

Get SALT Encoding   

  12  0:09  Drone x2  
  14  0:17  Overlord  
  14  0:35  Spawning Pool  
  13  0:38  Drone  
  14  0:48  Drone  
  14  0:49  Drone  
  16  1:04  Extractor  
  15  1:20  Hatchery  
  15  1:22  Zergling x4  
  15  1:23  Zergling x2  
  17  1:34  Drone  
  18  1:43  Queen  
  18  1:46  Drone  
  21  1:56  Drone  
  22  2:10  Overlord  
  22  2:25  Overlord  
  22  2:35  Drone  
  22  2:36  Drone  
  24  2:38  Zergling x2  
  22  2:53  Extractor  
  22  2:56  Queen  
  24  2:58  Zergling x6  
  26  3:12  Zergling x6  
  29  3:16  Drone  
  30  3:23  Drone  
  31  3:29  Drone  
  32  3:37  Zergling x2  
  33  3:43  Roach Warren, Drone x3  
  33  3:44  Drone  
Tags
 
Add a new tag
Caveats
  • Supply blocks, unpowered buildings, or Contaminate may cause inaccurate times.
  • Supply counts are checked every 10 seconds.